 Dungeon Crawl Stone Soup version 0.31-a0-879-g1609e0ac53 (webtiles) character file.

Game seed: 9344703505578794817

86 Dirtsage the Ruffian (level 4, 0/29 HPs)
             Began as an Octopode Shapeshifter on Oct 14, 2023.
             Slain by a gnoll
             ... wielding a +0 whip
              (4 damage)
             ... on level 3 of the Dungeon.
             The game lasted 00:03:15 (1400 turns).

Dirtsage the Ruffian (Octopode Shapeshifter)        Turns: 1400, Time: 00:03:16

Health: 0/29       AC:  1    Str: 15    XL:     4   Next: 50%
Magic:  4/4        EV: 13    Int: 12    God:
Gold:   114        SH:  0    Dex: 11    Spells: 3/3 levels left

rFire   . .          .
                       - Unarmed
rCold   . . .        (no shield)
rNeg    . . .        (helmet currently unavailable)
rPois   .            (no amulet)
rElec   .            (no ring)
rCorr   .            (no ring)
SInv    .            (no ring)
Will    .....        (no ring)
Stlth   ++           (no ring)
HPRegen 0.24/turn    (no ring)
MPRegen 0.09/turn    (no ring)
                     (no ring)

%: no passive effects
@: beast-form
A: beast (slay +2), almost no armour, amphibious, 8 rings, camouflage 1,
gelatinous body 1, (nimble swimmer 1), tentacles
a: Begin Untransformation


You were on level 3 of the Dungeon.
You were a hulking beast.
You visited 1 branch of the dungeon, and saw 3 of its levels.

You collected 150 gold pieces.
You spent 36 gold pieces at shops.

Inventory:

Missiles
 k - 3 curare-tipped darts
Talismans
 b - a beast talisman (active)
 c - a flux talisman
Scrolls
 d - 3 scrolls of identify {unknown}
 e - a scroll of enchant weapon {unknown}
 f - a scroll of noise {unknown}
 h - a scroll of immolation {unknown}
 j - 3 scrolls of teleportation {unknown}
 l - 3 scrolls of fear {unknown}
 m - 2 scrolls of poison {unknown}
Potions
 a - 2 potions of lignification
 g - a potion of magic {unknown}
 i - a potion of might {unknown}
 n - 2 potions of berserk rage {unknown}
 o - a potion of mutation {unknown}
 q - 2 potions of curing


   Skills:
 + Level 2.0 Fighting
 - Level 2.0 Dodging
 * Level 3.9 Unarmed Combat
 * Level 3.8 Shapeshifting


You had 3 spell levels left.
You didn't know any spells.
Your spell library was empty.

Dungeon Overview and Level Annotations

Branches:
Dungeon (3/15)

Altars:
Fedhas

Shops:
D:2 !


Innate Abilities, Weirdness & Mutations

You are a hulking beast.
Your limbs bulge with bestial killing power. (Slay +2)
You cannot wear most types of armour.
You are amphibious.
You can wear up to eight rings at the same time.
Your skin changes colour to match your surroundings (Stealth+).
Your rubbery body absorbs attacks. (AC +1, EV +1)
((You are camouflaged when in or above water. (Stealth+)))
You have tentacles for arms and can constrict up to eight enemies at once.


Message History

You open the door.
There is an open door here.
There is an open door here.
There is a stone staircase leading down here.
Health restored: 29 You climb downwards.
There is a stone staircase leading up here.
An adder comes into view.
The adder hisses angrily.
The adder barely misses you.
You tentacle-slap the adder. Your grab misses the adder.
The adder is heavily wounded.
The adder closely misses you.
You tentacle-slap the adder. You grab the adder. Your squeeze misses the adder.
The adder is almost dead.
You constrict the adder.
You kill the adder!
No target in view!
A gnoll comes into view. It is wielding a +4 halberd of flaming.
The gnoll shouts!
You hear a shout!
A gnoll comes into view. It is wielding a +0 whip.
You hear a shout!
The gnoll hits you with a +4 halberd of flaming!
The gnoll burns you.
You take 15 damage, and have 14/29 hp.
MASSIVE DAMAGE!!
You barely miss the gnoll. You grab the gnoll.
You tentacle-slap the gnoll, but do no damage.
You constrict the gnoll.
The gnoll hits you with a +4 halberd of flaming!
* * * LOW HITPOINT WARNING * * *
The gnoll burns you.
* * * LOW HITPOINT WARNING * * *
You take 11 damage, and have 3/29 hp.
MASSIVE DAMAGE!!
You bludgeon the gnoll! You squeeze the gnoll.
You kill the gnoll!
Your Fighting skill increases to level 2!
You tentacle-slap the gnoll. You grab the gnoll.
The gnoll is lightly wounded.
You constrict the gnoll. The gnoll hits you with a +0 whip.
You die...

... ^..# .
##..##.
......
#...# #...#
#.#####...#
#...gh...#
#.#####..##
###..#
#....#
#..#..## .
#. ##.##
.##.
##.#### ..#
##...# #.#
##.##......


You could see a gnoll.

Vanquished Creatures
  4 adders
  A gnoll (D:3)
  A dart slug (D:1)
  A worm (D:2)
  An orc (D:2)
  2 bats (D:1)
  2 endoplasms
  A giant cockroach (D:1)
  6 hobgoblins
  3 kobolds
  5 quokkas
  3 ball pythons
  4 rats
34 creatures vanquished.

Notes
Turn   | Place    | Note
-------+----------+-------------------------------------------
     0 | D:1      | Dirtsage the Octopode Shapeshifter began the quest for the
                  | Orb.
     0 | D:1      | Reached XP level 1. HP: 13/13 MP: 1/1
    45 | D:1      | Reached XP level 2. HP: 15/18 MP: 2/2
   352 | D:1      | Reached XP level 3. HP: 22/23 MP: 3/3
   470 | D:2      | Found Kextiox's Distillery.
   473 | D:2      | Bought a potion of curing for 36 gold pieces
   803 | D:2      | Found a blossoming altar of Fedhas.
   927 | D:2      | Found a faded altar of an unknown god.
  1118 | D:2      | Reached XP level 4. HP: 29/29 MP: 4/4
  1400 | D:3      | Slain by a gnoll

Illustrated notes

Levels and vault maps discovered:
D:1:      roderic_chinese_lattice_arrival, layout_basic
D:2:      layout_basic, serial_shops, nicolae_shop_real_fake_doors,
          shapermc_ecumenical_altar_mp_vishouse, basic_altar
D:3:      layout_loops_ring, kennysheep_crisscross, uniq_sigmund

Skill      XL: |  1  2  3  4 |
---------------+-------------+-----
Fighting       | 2 |  2.0
Dodging        | |  2.0
Unarmed Combat | |  3.9
Shapeshifting  | |  3.8

Action                     |  1- 3 |  4- 6 || total
---------------------------+-------+-------++-------
  Melee: Unarmed           |    51 |    10 ||    61
         Tentacles         |    13 |     2 ||    15
         Constrict         |    17 |     4 ||    21
         Punch             |     2 |     1 ||     3
   Stab: Sleeping          |     5 |     1 ||     6
 Armour: Skin              |    10 |     4 ||    14
  Dodge: Dodged            |    29 |     6 ||    35

Table legend: (Time is in decaauts)
 A = Elapsed time spent in this place.
 B = Non-inter-level travel time spent in this place.
 C = Inter-level travel time spent in this place.
 D = Time resting spent in this place.
 E = Time spent auto-exploring this place.
 F = Levels seen in this place.
 G = Mean time per level.
                   A        B        C        D        E       F      G
               +--------+--------+--------+--------+--------+-----+--------+
         Total |   1396 |   1325 |     71 |      0 |   1138 |   3 |  465.3 |
       Dungeon |   1396 |   1325 |     71 |      0 |   1138 |   3 |  465.3 |
               +--------+--------+--------+--------+--------+-----+--------+

Top non-repeatable levels by time:
     D:2: 938 daAuts
     D:1: 422 daAuts
     D:3: 35 daAuts
